 Dungeon Crawl Stone Soup version 0.31-a0-704-g1016066182 (webtiles) character file.

Game seed: 6739137682498631423

1437 Ordine the Grappler (level 8, -7/52 (54) HPs)
             Began as an Octopode Shapeshifter on Sept 9, 2023.
             Was a Follower of Dithmenos.
             Killed by divine providence
             ... invoked by Jeremiah
              (13 damage)
             ... on level 6 of the Dungeon.
             The game lasted 00:11:53 (5593 turns).

Ordine the Grappler (Octopode Shapeshifter)         Turns: 5593, Time: 00:11:54

HP:   -7/52 (54)    AC: -3    Str: 17    XL:     8   Next: 74%
MP:   8/8           EV: 14    Int: 12    God:    Dithmenos [*.....]
Gold: 286           SH:  0    Dex: 12    Spells: 7/7 levels left

rFire   + .          .
                       - Unarmed
rCold   + . .        (no shield)
rNeg    . . .        (helmet currently unavailable)
rPois   .            (no amulet)
rElec   .            e - ring of wizardry
rCorr   .            g - ring of protection from cold
SInv    .            l - ring of Salvation {Wiz rF+ Str+2}
Will    .....        x - ring of wizardry
Stlth   +++++        (no ring)
HPRegen 0.28/turn    (no ring)
MPRegen 0.11/turn    (no ring)
                     (no ring)

%: wizardry (x3)
@: beast-form, corroded, wreathed by umbra, studying Unarmed Combat, lightly
drained
A: beast (slay +2), almost no armour, amphibious, 8 rings, camouflage 1,
gelatinous body 1, (nimble swimmer 1), tentacles
a: Begin Untransformation, Renounce Religion


You were on level 6 of the Dungeon.
You worshipped Dithmenos.
Dithmenos was aware of your devotion.
You were a hulking beast.
You visited 2 branches of the dungeon, and saw 7 of its levels.

You collected 286 gold pieces.

Inventory:

Magical Staves
 k - a staff of cold
Jewellery
 e - a ring of wizardry (left tentacle)
 g - a ring of protection from cold (right tentacle)
 l - the ring of Salvation (on tentacle) {Wiz rF+ Str+2}
   (You found it on level 2 of the Dungeon)

   [ring of wizardry]

   Wiz:       It improves your spell success rate.
   Str+2:     It affects your strength (+2).
   rF+:       It protects you from fire.
 x - a ring of wizardry (on tentacle)
Talismans
 b - a beast talisman (active)
 c - a flux talisman
Wands
 p - a wand of roots (7)
 u - a wand of polymorph (2)
 v - a wand of flame (20)
Scrolls
 a - a scroll of fear {unknown}
 d - 6 scrolls of identify {unknown}
 i - 5 scrolls of teleportation {unknown}
 j - a scroll of fog {unknown}
 n - 2 scrolls of poison {unknown}
 q - a scroll of enchant armour {unknown}
 r - 2 scrolls of blinking {unknown}
 s - a scroll of revelation {unknown}
 t - a scroll of noise {unknown}
 y - 2 scrolls of vulnerability {unknown}
Potions
 f - 7 potions of might {unknown}
 h - 3 potions of curing {unknown}
 m - 3 potions of haste {unknown}
 o - a potion of brilliance {unknown}
 w - a potion of heal wounds {unknown}


   Skills:
 + Level 4.2 Fighting
 + Level 4.6 Dodging
 + Level 5.7 Stealth
 * Level 8.8 Unarmed Combat
 + Level 4.9 Shapeshifting


You had 7 spell levels left.
You didn't know any spells.
Your spell library contained the following spells:

 Spells                   Type           Power      Damage    Failure   Level
 Apportation              Tloc           0%         N/A       7%          1
 Freeze                   Ice            0%         1d3       7%          1
 Necrotise                Necr           0%         1d4       7%          1
 Slow                     Hex            0%         N/A       7%          1
 Summon Small Mammal      Summ           0%         N/A       7%          1
 Confusing Touch          Hex            0%         N/A       19%         3
 Frozen Ramparts          Ice            0%         1d1       19%         3
 Hailstorm                Conj/Ice       0%         3d3       19%         3
 Sigil of Binding         Hex            0%         N/A       19%         3
 Vampiric Draining        Necr           0%         2d6       19%         3
 Summon Ice Beast         Ice/Summ       0%         N/A       47%         4
 Summon Mana Viper        Hex/Summ       0%         N/A       82%         5
 Monstrous Menagerie      Summ           0%         N/A       100%        7


Dungeon Overview and Level Annotations

Branches:
Dungeon (6/15)             Temple (1/1) D:4

Altars:
Ashenzari
Cheibriados
Dithmenos
Elyvilon
Fedhas
Gozag
Hepliaklqana
Kikubaaqudgha
Makhleb
Nemelex Xobeh
Okawaru
Qazlal
Ru
Sif Muna
Trog
Uskayaw
Vehumet
Wu Jian
Xom
Yredelemnul
Zin
The Shining One

Shops:
D:3 :

Annotations:
D:6 Jeremiah, Maggie


Innate Abilities, Weirdness & Mutations

You are a hulking beast.
Your limbs bulge with bestial killing power. (Slay +2)
You cannot wear most types of armour.
You are amphibious.
You can wear up to eight rings at the same time.
Your skin changes colour to match your surroundings (Stealth+).
Your rubbery body absorbs attacks. (AC +1, EV +1)
((You are camouflaged when in or above water. (Stealth+)))
You have tentacles for arms and can constrict up to eight enemies at once.


Message History

You tentacle-slap the jelly but do no damage.
Your tentacles burn!
The jelly is almost dead.
Jeremiah shouts!
The jelly hits you. The acid corrodes you!
You are splashed with acid!
Jeremiah hops!
You bludgeon the jelly!
You kill the jelly!
Dithmenos accepts your kill.
Press: ? - help, v - describe, . - travel
Here: Jeremiah, wielding a +2 trident of draining, wearing a +0 robe and wearing an orb of guile (umbra)
The floor.
Unknown command.
You tentacle-slap Jeremiah but do no damage.
You grab Jeremiah. You squeeze Jeremiah!
Jeremiah is lightly wounded.
You constrict Jeremiah. Jeremiah barely misses you.
You tentacle-slap Jeremiah.
Jeremiah is moderately wounded.
You constrict Jeremiah. Jeremiah closely misses you.
You tentacle-slap Jeremiah but do no damage.
You squeeze Jeremiah!
Jeremiah is heavily wounded.
You constrict Jeremiah.
A scorpion comes into view.
Jeremiah hits you with a +2 trident of draining!
You feel drained.
You bludgeon Jeremiah!
Jeremiah is almost dead.
You constrict Jeremiah, but do no damage.
Jeremiah cries, "Fearful master, protect me!"
Something smites you!
* * * LOW HITPOINT WARNING * * *
You tentacle-slap Jeremiah but do no damage.
Jeremiah is almost dead.
You constrict Jeremiah.
Jeremiah cries, "Fearful master, protect me!"
Something smites you!
You die...
Jeremiah asks, "Is it over?
Can I wake up now?"

#.. ###.##### ###
..........>. ..#
####.#.###.#.###.#
(.....<........#.#
)....#.......#.#.#
######..#.#....#b# ..#
#..#.#!.###b##.# #.# #..#
#....bhb..# #.# ...#
#...##Fb.b.# #.# ##.#
##..##bb...... #.# ..#
#..#......### #.#######
#[.#b.##.b# #.......#
#..#.s. b... #.#####.#
##..#..# ####
#######.#.#...#...
........#.#..##############


You could see Jeremiah and a scorpion.

Vanquished Creatures
  Eustachio (D:4)
  Duvessa (D:6)
  A black bear (D:5)
  2 centaurs
  2 phantoms
  Blork the orc (D:6)
  A scorpion (D:6)
  Dowan (D:6)
  A howler monkey (D:4)
  2 jellies
  2 orc priests (D:5)
  5 hounds
  2 orc wizards (D:5)
  Ijyb (D:3)
  2 iguanas
  Robin (D:2)
  A gnoll (D:1)
  6 adders
  An ufetubus (D:5)
  A worm (D:2)
  2 dart slugs
  18 orcs
  6 ball pythons
  9 endoplasms
  3 giant cockroaches
  10 goblins
  10 hobgoblins
  4 jackals (D:1)
  2 quokkas
  10 bats
  4 frilled lizards
  6 kobolds
  7 rats
126 creatures vanquished.

Notes
Turn   | Place    | Note
-------+----------+-------------------------------------------
     0 | D:1      | Ordine the Octopode Shapeshifter began the quest for the
                  | Orb.
     0 | D:1      | Reached XP level 1. HP: 13/13 MP: 1/1
   157 | D:1      | Reached XP level 2. HP: 18/18 MP: 2/2
   271 | D:1      | Reached skill level 1 in Stealth
   379 | D:1      | Reached XP level 3. HP: 20/23 MP: 3/3
   895 | D:2      | Identified the ring of Salvation {Wiz rF+ Str+2}
  1001 | D:2      | Reached XP level 4. HP: 23/28 MP: 4/4
  1298 | D:2      | Noticed Robin
  1318 | D:2      | Killed Robin
  1319 | D:2      | Reached skill level 4 in Unarmed Combat
  1322 | D:2      | Reached XP level 5. HP: 12/34 MP: 5/5
  1999 | D:3      | Found Tuorag's Book Emporium.
  2110 | D:3      | Noticed Ijyb
  2123 | D:3      | Killed Ijyb
  2978 | D:4      | Noticed a phantom
  2989 | D:3      | Killed a phantom
  2990 | D:3      | Reached skill level 5 in Unarmed Combat
  2990 | D:3      | Reached XP level 6. HP: 33/41 MP: 6/6
  3027 | D:4      | Noticed Eustachio
  3307 | D:4      | Killed Eustachio
  3308 | D:4      | Reached skill level 6 in Unarmed Combat
  3308 | D:4      | Reached XP level 7. HP: 22/46 MP: 7/7
  3613 | D:4      | Found a staircase to the Ecumenical Temple.
  3620 | Temple   | Entered the Ecumenical Temple
  3642 | Temple   | Became a worshipper of Dithmenos the Shadowed
  3779 | D:5      | Entered Level 5 of the Dungeon
  4077 | D:5      | Reached skill level 7 in Unarmed Combat
  4170 | D:5      | Found an ancient bone altar of Kikubaaqudgha.
  4173 | D:5      | Found a shimmering altar of Xom.
  4466 | D:5      | Reached XP level 8. HP: 19/52 MP: 8/8
  5091 | D:6      | Reached * piety under Dithmenos
  5098 | D:6      | Identified the +4 mace of Xikeas {flame, rPois}
  5154 | D:6      | Reached skill level 5 in Stealth
  5183 | D:6      | Noticed Blork the orc
  5186 | D:6      | Noticed Dowan
  5191 | D:6      | Killed Blork the orc
  5228 | D:6      | Noticed Maggie
  5280 | D:5      | Reached skill level 8 in Unarmed Combat
  5380 | D:6      | Noticed Duvessa
  5389 | D:6      | Killed Duvessa
  5505 | D:6      | Killed Dowan
  5583 | D:6      | Noticed Jeremiah
  5593 | D:6      | Killed from afar by Jeremiah

Illustrated notes

Levels and vault maps discovered:
D:1:      dpeg_arrival_more_subterranean_lakeside_camping, layout_loops_cross,
          minivault_24, serial_park_tiny_pond
D:2:      layout_basic, uniq_robin
D:3:      layout_basic, serial_shops, shop, uniq_ijyb
D:4:      layout_rooms, minmay_temple_entry_crystal_x, uniq_eustachio
D:5:      layout_loops_ring, minitemple
D:6:      layout_basic, uniq_blork_the_orc, uniq_jeremiah, uniq_maggie,
          uniq_duvessa
Temple:   nicolae_temple_bog_church

Skill      XL: |  1  2  3  4  5  6  7  8 |
---------------+-------------------------+-----
Stealth        | 1 2 3 4 5 |  5.7
Unarmed Combat | 4 5 6 7 8 |  8.8
Fighting       | 2 3 4 |  4.2
Dodging        | 3 4 |  4.6
Shapeshifting  | 4 |  4.9

Action                     |  1- 3 |  4- 6 |  7- 9 || total
---------------------------+-------+-------+-------++-------
  Melee: Unarmed           |    61 |    95 |   108 ||   264
         Constrict         |    20 |    22 |    23 ||    65
         Tentacles         |    10 |    17 |    32 ||    59
         Punch             |     3 |     2 |     6 ||    11
    Use: Potion            |       |     1 |     1 ||     2
   Stab: Sleeping          |     4 |    12 |     8 ||    24
 Armour: Skin              |    28 |    52 |    49 ||   129
  Dodge: Dodged            |    35 |    43 |    52 ||   130

Table legend: (Time is in decaauts)
 A = Elapsed time spent in this place.
 B = Non-inter-level travel time spent in this place.
 C = Inter-level travel time spent in this place.
 D = Time resting spent in this place.
 E = Time spent auto-exploring this place.
 F = Levels seen in this place.
 G = Mean time per level.
                   A        B        C        D        E       F      G
               +--------+--------+--------+--------+--------+-----+--------+
         Total |   5570 |   4962 |    608 |    565 |   3541 |   7 |  795.7 |
       Dungeon |   5526 |   4960 |    566 |    565 |   3541 |   6 |  921.0 |
        Temple |     44 |      2 |     42 |      0 |      0 |   1 |   44.0 |
               +--------+--------+--------+--------+--------+-----+--------+

Top non-repeatable levels by time:
     D:5: 1367 daAuts
     D:3: 1281 daAuts
     D:2: 1140 daAuts
     D:1: 833 daAuts
     D:4: 530 daAuts
     D:6: 373 daAuts
  Temple: 44 daAuts
